 Dungeon Crawl Stone Soup version 0.27-a0-1188-g73eefd5def (webtiles) character file.

Game seed: 15062154114060039050

73115 Froggeryz the Ripper (level 15, -11/72 HPs)
             Began as a Felid Ice Elementalist on May 22, 2021.
             Was the Champion of Ashenzari.
             Shot with an arrow by a naga sharpshooter (24 damage)
             ... on level 2 of the Snake Pit.
             The game lasted 01:41:18 (42927 turns).

Froggeryz the Ripper (Felid Ice Elementalist)      Turns: 42927, Time: 01:41:18

Health: -11/72     AC:  3    Str:  7    XL:     15   Next: 3%
Magic:  22/25      EV: 28    Int: 16    God:    Ashenzari [******]
Gold:   1348       SH:  5    Dex: 19    Spells: 2/26 levels left
                                        Lives:  0   Deaths: 3

rFire    + + .     SeeInvis +     - Unarmed
rCold    + . .     Faith    .   (shield unavailable)
rNeg     . . .     Spirit   .   (armour unavailable)
rPois    +         Reflect  +   (helmet unavailable)
rElec    +         Harm     .   (cloak unavailable)
rCorr    .         Rampage  .   (gloves unavailable)
Will     ++++.     Clarity  +   (boots unavailable)
Stlth    ++++++....             F - amulet "Sidereal Oracle" {Reflect SH+5, Melee, Elem} (curse)
HPRegen  0.22/turn              s - ring "Restrained Yoke" {rElec rPois rF+ Will+ Slay+4, Melee, Cun} (curse)
MPRegen  0.19/turn              a - ring "Lashed Restlessness" {Fly rF+ Will+ Int-2 Slay+3, Elem, Evo} (curse)

@: lethally poisoned (-11 -> -14), flying, quick
A: very small, claws 1, fangs 3, see invisible, speed 1, shaggy fur 3, stealthy
paws, no weapons or thrown items, no armour, multi-lived
a: Renounce Religion, Shatter the Chains


You were on level 2 of the Snake Pit.
You worshipped Ashenzari.
Ashenzari was exalted by your worship.
You visited 6 branches of the dungeon, and saw 28 of its levels.
You also visited: Ossuary, Bailey and Ice Cave.

You collected 3137 gold pieces.
You spent 1789 gold pieces at shops.

Inventory:

Jewellery
 a - the cursed ring "Lashed Restlessness" (right paw) {Fly rF+ Will+ Int-2 Slay+3, Elem, Evo}
   (You acquired it on level 7 of the Dungeon)

   [ring of protection from fire]

   It affects your intelligence (-2).
   It affects your accuracy and damage with ranged weapons and melee attacks
   (+3).
   It protects you from fire.
   It grants you flight.
   It increases your willpower.
   It has a curse which improves the following skills: Elements: Fire Magic, Ice
   Magic, Air Magic and Earth Magic.
   Evocations: Evocations.
 f - a ring of magical power
 n - a ring of fire
 r - the ring "Etotougi" {rF+ Str+6}
   (You found it on level 2 of the Lair of Beasts)

   [ring of protection from fire]

   It affects your strength (+6).
   It protects you from fire.
 s - the cursed ring "Restrained Yoke" (left paw) {rElec rPois rF+ Will+ Slay+4, Melee, Cun}
   (You acquired it on level 7 of the Dungeon)

   [ring of slaying]

   It affects your accuracy and damage with ranged weapons and melee attacks
   (+4).
   It protects you from fire.
   It insulates you from electricity.
   It protects you from poison.
   It increases your willpower.
   It has a curse which improves the following skills: Melee Combat: Unarmed
   Combat.
   Cunning:   Dodging and Stealth.
 C - a ring of protection from cold
 F - the cursed amulet "Sidereal Oracle" (around neck) {Reflect SH+5, Melee, Elem}
   (You bought it in a shop on level 2 of the Orcish Mines)

   [amulet of reflection]

   It reflects blocked missile attacks.
   It affects your SH (+5).
   It has a curse which improves the following skills: Melee Combat: Unarmed
   Combat.
   Elements:  Fire Magic, Ice Magic, Air Magic and Earth Magic.
 J - a ring of ice
 O - an amulet of guardian spirit
Wands
 i - a wand of charming (8)
 j - a wand of polymorph (23)
 u - a wand of flame (70)
 y - a wand of paralysis (5)
 A - a wand of digging (6)
 B - a wand of iceblast (5)
 D - a wand of acid (5)
 M - a wand of mindburst (41)
Scrolls
 h - 3 scrolls of fog
 l - 6 scrolls of amnesia
 m - 5 scrolls of immolation
 p - 13 scrolls of teleportation
 q - 2 scrolls of summoning
 w - 2 scrolls of holy word
 x - 6 scrolls of magic mapping
 E - 2 scrolls of fear
 K - 3 scrolls of silence
Potions
 b - 3 potions of haste
 c - 4 potions of magic
 d - 13 potions of might
 e - 8 potions of brilliance
 g - 3 potions of heal wounds
 k - 11 potions of attraction
 o - 4 potions of lignification
 t - 13 potions of curing
 v - 2 potions of ambrosia
 z - 4 potions of mutation
 G - 2 potions of resistance
 H - 2 potions of invisibility
 I - a potion of cancellation
 L - 3 potions of berserk rage


   Skills:
 - Level 12.0 Fighting
 - Level 11.3(14.0) Dodging
 - Level 10.8(13.5) Stealth
 - Level 16.1(20.0) Unarmed Combat
 - Level 6.2 Spellcasting
 + Level 5.1 Transmutations
 - Level 15.6(19.5) Ice Magic
 * Level 6.2(10.7) Earth Magic


You had 2 spell levels left.
You knew the following spells:

 Your Spells              Type           Power      Damage    Failure   Level
a - Freeze                Ice            100%       1d11      0%          1
b - Frozen Ramparts       Ice            100%       1d12      0%          3
c - Ozocubu's Armour      Ice            61%        N/A       0%          3
d - Ozocubu's Refrigerat  Ice            30%        4d11      3%          7
e - Blink                 Tloc           N/A        N/A       21%         2
f - Passwall              Tmut/Erth      25%        N/A       1%          2
g - Statue Form           Tmut/Erth      20%        N/A       61%         6

Your spell library contained the following spells:

 Spells                   Type           Power      Damage    Failure   Level
 Sandblast                Erth           78%        2d17      1%          1
 Ensorcelled Hibernation  Hex/Ice        72%        N/A       1%          2
 Wereblood                Tmut           21%        N/A       2%          2
 Sting                    Tmut/Pois      52%        1d5       4%          1
 Foxfire                  Conj/Fire      24%        2x1d5     12%         1
 Shock                    Conj/Air       24%        1d4       12%         1
 Animate Skeleton         Necr           10%        N/A       14%         1
 Apportation              Tloc           10%        N/A       14%         1
 Corona                   Hex            5%         N/A       14%         1
 Magic Dart               Conj           20%        1d4       14%         1
 Pain                     Necr           20%        1d5       14%         1
 Summon Small Mammal      Summ           20%        N/A       14%         1
 Poisonous Vapours        Pois/Air       12%        N/A       19%         2
 Static Discharge         Conj/Air       6%         N/A       19%         2
 Searing Ray              Conj           10%        3d3       21%         2
 Ice Form                 Ice/Tmut       44%        N/A       1%          4
 Hailstorm                Conj/Ice       36%        3d9       2%          4
 Summon Ice Beast         Ice/Summ       36%        N/A       2%          4
 Stone Arrow              Conj/Erth      44%        3d9       4%          3
 Petrify                  Tmut/Erth      30%        N/A       4%          4
 Lee's Rapid Deconstruct  Erth           19%        3d12*     4%          5
 Metabolic Englaciation   Hex/Ice        18%        N/A       7%          5
 Ignite Poison            Fire/Tmut/Pois 11%        N/A       19%         3
 Swiftness                Air            7%         N/A       30%         3
 Conjure Flame            Conj/Fire      6%         6-21      34%         3
 Inner Flame              Hex/Fire       6%         N/A       34%         3
 Mephitic Cloud           Conj/Pois/Air  5%         N/A       36%         3
 Simulacrum               Ice/Necr       18%        N/A       36%         6
 Confusing Touch          Hex            5%         N/A       38%         3
 Dazzling Flash           Conj/Hex       10%        N/A       38%         3
 Tukima's Dance           Hex            5%         N/A       38%         3
 Vampiric Draining        Necr           2%         2d6       38%         3
 Bolt of Magma            Conj/Fire/Erth 8%         4d6       61%         5
 Airstrike                Air            3%         N/A       69%         4
 Sticky Flame             Conj/Fire      6%         2d3       75%         4
 Alistair's Intoxication  Tmut/Pois      8%         N/A       78%         5
 Irradiate                Conj/Tmut      6%         3d16      78%         5
 Freezing Cloud           Conj/Ice/Air   13%        6-21      78%         6
 Animate Dead             Necr           2%         N/A       80%         4
 Cause Fear               Hex            2%         N/A       80%         4
 Fulminant Prism          Conj/Hex       2%         3d6       80%         4
 Iskenderun's Mystic Bla  Conj/Tloc      5%         2d3       80%         4
 Passage of Golubria      Tloc           N/A        N/A       80%         4
 Iron Shot                Conj/Erth      11%        9d3       92%         6
 Fireball                 Conj/Fire      3%         3d4       97%         5
 Lightning Bolt           Conj/Air       3%         1d14      97%         5
 Agony                    Necr           5%         N/A       98%         5
 Manifold Assault         Tloc           5%         N/A       98%         5
 Summon Forest            Summ/Tloc      2%         N/A       98%         5
 Absolute Zero            Ice            30%        ∞         99%         9
 Conjure Ball Lightning   Conj/Air       3%         3x3d6     100%        6
 Invisibility             Hex            5%         N/A       100%        6
 Starburst                Conj/Fire      3%         8x6d3     100%        6
 Dragon Form              Tmut           10%        N/A       100%        7
 Chain Lightning          Conj/Air       3%         N/A       100%        8
 Ignition                 Fire           3%         3d4       100%        8
 Lehudib's Crystal Spear  Conj/Erth      11%        10d4      100%        8
 Dragon's Call            Summ           2%         N/A       100%        9
 Fire Storm               Conj/Fire      3%         8d1       100%        9


Dungeon Overview and Level Annotations

Branches:
Dungeon (15/15)            Temple (1/1) D:7            Lair (6/6) D:10
  Swamp (2/4) Lair:3        Snake (2/4) Lair:3        Slime (0/5) Lair:5
    Orc (2/2) D:10            Elf (0/3) Orc:2        Vaults (0/5) D:14
 Depths (0/5) D:15        Ossuary (visited)          Bailey (visited)
  IceCv (visited)

Altars:
Ashenzari
Cheibriados
Dithmenos
Elyvilon
Fedhas
Gozag
Hepliaklqana
Kikubaaqudgha
Makhleb
Nemelex Xobeh
Okawaru
Qazlal
Ru
Sif Muna
Trog
Uskayaw
Vehumet
Wu Jian
Xom
Yredelemnul
Zin
The Shining One
Beogh

Shops:
D:2 *   Orc:2 ?!*[   Snake:2 [

Annotations:
D:9 2 transporters, philipeq's ghost, novice DsMo
D:11 3 runed translucent doors, wpisznazwe's ghost, journeyman DsNe


Innate Abilities, Weirdness & Mutations

You have sharp claws.
You have razor-sharp teeth.
You have supernaturally acute eyesight. (SInv)
You cover ground quickly. (Speed+)
Your thick and shaggy fur keeps you warm. (AC +3, rC+)
Your paws help you pounce on unaware monsters.
You are incapable of wielding weapons or throwing items.
You cannot wear armour.
You gain extra lives every three experience levels.


Message History

The fire elemental is severely damaged.
The fire elemental is frozen!
The wall freezes the fire elemental!
You destroy the fire elemental!
The naga sharpshooter mumbles some strange words.
The naga sharpshooter magically shoots an arrow.
You reflect the arrow off an invisible shield around you!
Your icy armour and frozen ramparts will break if you move.
Continue?
Your icy armour cracks and falls away as you move.
The frozen ramparts melt away as you move.
The naga sharpshooter mumbles some strange words.
The naga sharpshooter magically shoots an arrow.
You reflect the arrow off an invisible shield around you!
Items here: ! $ ) ? ††.
The naga sharpshooter gestures wildly while chanting.
The naga sharpshooter magically shoots an arrow.
You reflect the arrow off an invisible shield around you!
Things that are here:
a +0 flail; a +0 robe; a naga corpse The naga sharpshooter spits poison at you.
The splash of poison hits you but does no damage.
You are poisoned.
You resist.
You mangle the naga sharpshooter!!
The naga sharpshooter is moderately wounded.
You feel sick.
You mangle the naga sharpshooter!! You claw the naga sharpshooter!
You bite the naga sharpshooter.
The naga sharpshooter is almost dead.
You feel sick.
The naga sharpshooter shoots an arrow.
The arrow hits you!!
* * * LOW HITPOINT WARNING * * *
You claw the naga sharpshooter!
The naga sharpshooter is almost dead.
You scratch the naga sharpshooter but do no damage.
The naga sharpshooter is almost dead.
You feel sick.
The naga sharpshooter shoots an arrow.
The arrow barely misses you.
You scratch the naga sharpshooter but do no damage.
The naga sharpshooter is almost dead.
You feel sick.
The naga sharpshooter shoots an arrow.
The arrow hits you!!
You die...

#.# ####.####** ,* #.#
####.###. ,* #.#### ####.###.#
,** * * #.##############.###.#
,, ,* #.##############.###.#,.
#.##############)#.....* ,, *
#.≈≈########≈≈##)#.#.#..○, ,
,,, .........†......).......,
** * ≈.≈≈≈≈####≈≈≈≈≈≈@..#.#..,
* ***
..≈≈≈≈≈##≈≈≈≈...N.......,≈,**,,
, ≈≈≈≈≈≈≈≈≈≈≈≈≈.≈≈...#.#.. , ,
≈≈≈≈≈≈≈≈......≈≈...#.#,, , *,*
≈≈≈≈≈≈≈≈.≈≈≈≈≈≈≈...#.#,,,, ,*
≈≈≈≈≈≈≈≈.≈≈≈.......#, ,,,≈ ≈,≈
.........≈≈≈.≈≈≈≈..# ,,,,≈,
,*,* ≈≈≈≈≈≈≈≈..≈≈.≈≈≈≈..≈ , ,
,, ,* ≈≈≈≈≈≈≈#, ≈ ≈ ≈ ,* ,,,,≈
≈ *


You could see a naga sharpshooter.

Vanquished Creatures
  Kirke (Lair:6)
  A nagaraja (Snake:2)
  A white draconian (IceCv)
  Azrael (Snake:2)
  Snorg (D:12)
  2 eleionomae (Swamp:1)
  A fire dragon (Lair:6)
  Josephine (Orc:1)
  4 catoblepae
  A boulder beetle (D:13)
  A ghost crab (Swamp:1)
  8 hydras
  Erolcha (Orc:1)
  2 anacondas (Snake:2)
  5 naga warriors (Snake:1)
  3 centaur warriors
  2 ogre magi
  7 two-headed ogres
  Erica (D:9)
  2 alligators
  A death yak (IceCv)
  A naga sharpshooter (Snake:1)
  Urug (Lair:6)
  4 tengu warriors
  3 orc high priests (Orc:2)
  Sonja (Orc:1)
  Nergalle (Lair:1)
  6 skeletal warriors
  6 sea snakes (Snake:2)
  A death drake (Swamp:1)
  A bog body (Swamp:1)
  2 naga ritualists (Snake:2)
  A swamp dragon (Lair:6)
  A deep elf archer (D:14)
  2 deep elf zephyrmancers (D:14)
  2 oklob plants (Lair:1)
  4 orc sorcerers (Orc:2)
  2 deep elf pyromancers
  11 orc knights
  5 mana vipers
  3 salamanders
  4 manticores
  8 cyclopes
  A will-o-the-wisp (Swamp:2)
  A moth of wrath (Lair:4)
  15 elephants
  Maurice (D:10)
  5 naga magi
  21 black mambas
  3 gargoyles
  21 cane toads
  A torpor snail (Lair:4)
  An unseen horror (D:10)
  A kobold demonologist (D:6)
  A komodo dragon (shapeshifter) (D:15)
  15 komodo dragons
  3 tengu conjurers (D:13)
  2 efreet
  A queen bee (shapeshifter) (D:15)
  A meliai (shapeshifter) (D:14)
  A demonic crawler (Lair:4)
  7 trolls
  12 hornets (D:12)
  A bloated husk (Swamp:2)
  3 meliai (D:13)
  18 polar bears (IceCv)
  4 tyrant leeches
  Edmund (D:6)
  17 blink frogs
  7 slime creatures
  52 yaks
  7 wraiths
  2 shadows
  2 vampires
  4 basilisks
  3 wyverns
  2 fire elementals (Snake:2)
  Eustachio (D:4)
  12 vampire mosquitoes
  11 swamp worms
  12 nagas
  2 steam dragons
  6 acid dragons
  2 wargs
  12 water moccasins
  2 hell hounds (Snake:2)
  A sky beast (D:6)
  5 black bears
  5 swamp drakes
  8 ice beasts (D:14)
  31 orc warriors
  A hornet zombie (D:7)
  6 ogres
  A boggart (D:14)
  22 wolves
  9 centaurs
  4 kobold brigands (D:14)
  15 bullfrogs
  A gnoll sergeant (D:10)
  4 scorpions
  A water moccasin zombie (D:5)
  4 killer bees (D:11)
  5 wights
  4 electric eels (Snake:2)
  7 howler monkeys
  2 centaur zombies
  3 hounds
  13 jellies (Lair:5)
  16 orc priests
  8 centaur skeletons
  Ijyb (D:3)
  11 iguanas
  31 orc wizards
  A scorpion zombie (D:5)
  Natasha (twice) (D:2)
  A killer bee zombie (D:8)
  A hound skeleton (D:5)
  A howler monkey zombie (D:10)
  4 gnolls
  7 adders
  A shadow imp (D:7)
  3 ufetubi (D:5)
  2 adder skeletons (D:4)
  3 adder zombies (Ossuary)
  7 worms
  A dart slug (D:1)
  92 orcs
  A bat (D:2)
  5 endoplasms
  A giant cockroach (D:1)
  5 goblins
  5 hobgoblins
  4 jackals (D:4)
  4 kobolds
  6 quokkas
  6 ball pythons
  A ball python skeleton (Ossuary)
  2 frilled lizards
  A goblin zombie (D:7)
  A hobgoblin skeleton (Ossuary)
  An orc skeleton (Ossuary)
  3 orc zombies (Ossuary)
  A quokka zombie (D:7)
  3 rats
  A toadstool (D:3)
810 creatures vanquished.

Vanquished Creatures (collateral kills)
  An orc warrior (Orc:2)
  A wight (D:9)
  An orc priest (Orc:2)
3 creatures vanquished.

Vanquished Creatures (others)
  An orc knight (Orc:2)
  4 humans (Lair:6)
  Menkaure (D:6)
  2 electric eels (Snake:2)
  A bush (Lair:6)
  9 foxfires (Swamp:2)
  38 fungi
  105 plants
  3 toadstools (D:3)
164 creatures vanquished.

Grand Total: 977 creatures vanquished

Notes
Turn   | Place    | Note
-------+----------+-------------------------------------------
     0 | D:1      | Froggeryz the Felid Ice Elementalist began the quest for
                  | the Orb.
     0 | D:1      | Reached XP level 1. HP: 7/7 MP: 4/4
  1077 | D:1      | Reached XP level 2. HP: 9/11 MP: 6/6
  1876 | D:2      | Found Lejogoc's Assorted Antiques.
  1882 | D:2      | Bought a scroll labelled REIMNO BOILO for 26 gold pieces
  1995 | D:2      | Noticed Natasha
  2004 | D:2      | Killed Natasha
  2005 | D:2      | Reached XP level 3. HP: 11/14 MP: 1/7
  2715 | D:2      | Reached XP level 4. HP: 6/18 MP: 2/8
  2993 | D:2      | Reached skill level 1 in Fighting
  3605 | D:3      | Noticed Ijyb
  3644 | D:2      | Learned a level 3 spell: Frozen Ramparts
  3664 | D:3      | Killed Ijyb
  3665 | D:3      | Reached skill level 1 in Unarmed Combat
  3831 | D:2      | Noticed Natasha
  3842 | D:2      | Killed Natasha
  3843 | D:2      | Reached XP level 5. HP: 11/22 MP: 5/9
  4051 | D:2      | Bought a worn fluorescent wand for 104 gold pieces
  4107 | D:3      | You fall into a shaft and drop 3 floors!
  4108 | D:6      | Noticed an acid dragon
  4135 | D:6      | Noticed Menkaure
  4154 | D:6      | Noticed Edmund
  4179 | D:6      | Your ally died
  4182 | D:6      | Killed Edmund
  4183 | D:6      | Reached skill level 2 in Unarmed Combat
  4183 | D:6      | Reached skill level 5 in Ice Magic
  4222 | D:6      | Noticed a kobold demonologist
  4289 | D:5      | Entered Level 5 of the Dungeon
  4482 | D:5      | Noticed Eustachio
  4773 | D:4      | Learned a level 3 spell: Ozocubu's Armour
  4888 | D:4      | Found a hide-covered altar of Uskayaw.
  4898 | D:4      | Found an ornate altar of the Wu Jian Council.
  4931 | D:4      | Found a white marble altar of Elyvilon.
  4934 | D:4      | Found a blossoming altar of Fedhas.
  5408 | D:4      | Gained mutation: You are covered in thick fur. (AC +2)
                  | [Felid growth]
  5408 | D:4      | Reached XP level 6. HP: 25/25 MP: 5/10
  5471 | D:4      | Reached skill level 3 in Unarmed Combat
  5973 | D:4      | Killed Eustachio
  5974 | D:4      | Reached skill level 4 in Unarmed Combat
  6217 | D:5      | Reached XP level 7. HP: 19/28 MP: 5/11
  6577 | D:5      | Found a bloodstained altar of Trog.
  6801 | D:5      | Reached skill level 5 in Unarmed Combat
  7998 | D:6      | Reached XP level 8. HP: 28/32 MP: 8/12
  8140 | D:6      | Noticed a sixfirhy
  8146 | D:6      | Killed a kobold demonologist
  8147 | D:6      | Reached skill level 5 in Dodging
  8147 | D:6      | Reached skill level 6 in Unarmed Combat
  8525 | D:6      | Reached skill level 7 in Unarmed Combat
  9193 | D:7      | Reached skill level 8 in Unarmed Combat
  9203 | D:7      | Reached XP level 9. HP: 11/35 MP: 1/13
  9217 | D:7      | Identified 3 scrolls of acquirement
  9219 | D:7      | Acquired a book of Annihilations
  9221 | D:7      | Acquired the ring "Loaponn" {Fly rF+ Will+ Int-2 Slay+3}
  9223 | D:7      | Acquired the ring of Araclamn {rElec rPois rF+ Will+
                  | Slay+4}
  9461 | D:7      | Found an opulent altar of Gozag.
  9462 | D:7      | Found a sparkling altar of Nemelex Xobeh.
  9482 | D:7      | Found a staircase to the Ecumenical Temple.
  9505 | D:7      | Found a shimmering altar of Xom.
  9509 | D:7      | Found a sand-covered staircase.
  9516 | Ossuary  | Entered an ossuary
  9853 | D:7      | Reached skill level 9 in Unarmed Combat
 10337 | D:8      | Shot with an arrow by a centaur
 10338 | D:8      | Reached XP level 8. HP: 0/32 MP: 14/21
 10413 | D:8      | You fall into a shaft and drop 1 floor!
 11291 | Temple   | Entered the Ecumenical Temple
 11504 | Temple   | Became a worshipper of Ashenzari the Shackled
 11597 | D:9      | Found a transporter.
 11761 | D:9      | Reached XP level 9. HP: 23/35 MP: 13/13
 11878 | D:9      | Noticed Erica
 11886 | D:9      | Killed Erica
 11887 | D:9      | Reached skill level 5 in Stealth
 11887 | D:9      | Reached skill level 10 in Unarmed Combat
 12000 | D:9      | Found a transporter.
 12363 | D:9      | Noticed philipeq's ghost (novice DsMo)
 13149 | D:9      | Found a glowing golden altar of the Shining One.
 13194 | D:10     | Entered Level 10 of the Dungeon
 13195 | D:10     | Noticed a komodo dragon
 13207 | D:9      | Reached XP level 10. HP: 21/36 MP: 14/14
 13224 | D:9      | Reached * piety under Ashenzari
 13224 | D:9      | Reached ** piety under Ashenzari
 13266 | D:9      | Reached skill level 11 in Unarmed Combat
 13407 | D:10     | Noticed a two-headed ogre
 13415 | D:10     | Killed a two-headed ogre
 13416 | D:10     | Reached skill level 10 in Dodging
 13510 | D:10     | Found a staircase to the Orcish Mines.
 14552 | D:10     | Found a stormy altar of Qazlal.
 14562 | D:10     | Found a radiant altar of Vehumet.
 14575 | D:10     | Reached skill level 5 in Fighting
 14617 | D:10     | Noticed a two-headed ogre
 14632 | D:10     | Killed a two-headed ogre
 14856 | D:10     | Found a staircase to the Lair.
 15662 | Lair:1   | Entered Level 1 of the Lair of Beasts
 15677 | Lair:1   | Reached XP level 11. HP: 32/49 MP: 15/15
 16192 | Lair:1   | Reached *** piety under Ashenzari
 16192 | Lair:1   | Reached **** piety under Ashenzari
 16213 | Lair:1   | Identified the Compendium of Hurtful Contamination
 16253 | Lair:1   | Noticed Nergalle
 16269 | Lair:1   | Killed Nergalle
 16805 | Lair:1   | Found a blossoming altar of Fedhas.
 16807 | Lair:1   | Noticed an oklob plant
 16807 | Lair:1   | Noticed an oklob plant
 16809 | Lair:1   | Killed an oklob plant
 16818 | Lair:1   | Killed an oklob plant
 17074 | Lair:2   | Noticed a six-headed hydra
 17097 | Lair:2   | Killed a six-headed hydra
 17294 | Lair:2   | Identified the ring "Etotougi" {rF+ Str+6}
 17424 | Lair:2   | Identified the +7 long sword of Xauj {speed, Will+}
 17523 | Lair:2   | Reached skill level 10 in Fighting
 17969 | Lair:3   | Gained mutation: Your thick and shaggy fur keeps you warm.
                  | (AC +3, rC+) [Felid growth]
 17969 | Lair:3   | Reached XP level 12. HP: 58/58 MP: 6/18
 18201 | Lair:3   | Reached skill level 5 in Spellcasting
 18225 | Lair:3   | Noticed a catoblepas
 18458 | Lair:3   | Found a staircase to the Snake Pit.
 18600 | Lair:3   | Noticed an eight-headed hydra
 18614 | Lair:3   | Killed an eight-headed hydra
 18881 | Lair:3   | Found a staircase to the Swamp.
 18886 | Lair:3   | Noticed a six-headed hydra
 18888 | Lair:3   | Killed a six-headed hydra
 18889 | Lair:3   | Reached skill level 12 in Unarmed Combat
 18954 | Lair:3   | Killed a catoblepas
 19180 | Lair:4   | Noticed a seven-headed hydra
 19198 | Lair:4   | Noticed a seven-headed hydra
 19224 | Lair:4   | Killed a seven-headed hydra
 19227 | Lair:4   | Killed a seven-headed hydra
 19228 | Lair:4   | Reached skill level 13 in Unarmed Combat
 19982 | Lair:4   | Reached XP level 13. HP: 59/61 MP: 16/23
 20000 | Lair:4   | Reached skill level 14 in Unarmed Combat
 20771 | Lair:5   | Found a staircase to the Slime Pits.
 20930 | Lair:5   | Found a shimmering blue altar of Sif Muna.
 21733 | Lair:6   | Entered Level 6 of the Lair of Beasts
 21929 | Lair:6   | Noticed Urug
 22181 | Lair:5   | Acquired a book of Ice
 22191 | Lair:5   | Learned a level 7 spell: Ozocubu's Refrigeration
 22200 | Lair:6   | Killed Urug
 22484 | Lair:6   | Reached skill level 15 in Unarmed Combat
 22587 | Lair:6   | Noticed Kirke
 22595 | Lair:6   | Killed Kirke
 23372 | Lair:6   | Reached skill level 10 in Ice Magic
 23558 | Lair:6   | Noticed a fire dragon
 23594 | Lair:6   | Killed a fire dragon
 24765 | Lair:6   | Reached XP level 14. HP: 40/66 MP: 21/24
 25243 | Orc:1    | Entered Level 1 of the Orcish Mines
 25243 | Orc:1    | Noticed Erolcha
 25245 | Orc:1    | Killed Erolcha
 25267 | Orc:1    | Noticed Maurice
 25623 | D:10     | Killed Maurice
 25876 | Orc:1    | Noticed Josephine
 26198 | Orc:1    | Killed Josephine
 26331 | Orc:1    | Noticed Sonja
 26337 | Orc:1    | Killed Sonja
 26377 | Orc:2    | Entered Level 2 of the Orcish Mines
 26410 | Orc:2    | Found a staircase to the Elven Halls.
 27150 | Orc:2    | Found a burning altar of Makhleb.
 27275 | Orc:2    | Found Tajodam's Magic Scroll Emporium.
 28244 | Orc:2    | Reached skill level 16 in Unarmed Combat
 28251 | Orc:2    | Found Ycroasa's Distillery.
 28252 | Orc:2    | Found Kiebonn's Armour Boutique.
 28255 | Orc:2    | Found Coistesu's General Store.
 28305 | Orc:2    | Bought an amulet of reflection for 450 gold pieces
 28328 | Orc:2    | Bought a scroll of teleportation for 45 gold pieces
 28328 | Orc:2    | Bought 3 scrolls of fear for 157 gold pieces
 28330 | Orc:2    | Bought a scroll of teleportation for 45 gold pieces
 28330 | Orc:2    | Bought a potion of haste for 150 gold pieces
 28340 | Orc:2    | Bought a potion of resistance for 140 gold pieces
 28340 | Orc:2    | Bought a potion of resistance for 140 gold pieces
 28340 | Orc:2    | Bought a potion of curing for 42 gold pieces
 28340 | Orc:2    | Bought a potion of curing for 42 gold pieces
 28340 | Orc:2    | Bought a potion of might for 56 gold pieces
 28340 | Orc:2    | Bought a potion of brilliance for 56 gold pieces
 28340 | Orc:2    | Bought a potion of might for 56 gold pieces
 28340 | Orc:2    | Bought a potion of might for 56 gold pieces
 28340 | Orc:2    | Bought a potion of invisibility for 112 gold pieces
 28340 | Orc:2    | Bought a potion of cancellation for 112 gold pieces
 28737 | D:11     | Found a runed translucent gate.
 28738 | D:11     | Found a runed translucent gate.
 28740 | D:11     | Found a runed translucent gate.
 28974 | D:11     | Identified the +7 plate armour "Ethrearch" {-Tele Rampage
                  | Str+3}
 29226 | D:11     | Noticed wpisznazwe's ghost (journeyman DsNe)
 29230 | D:11     | Found the +2 ratskin cloak {*Rats rPois rN+ Str-1 Int-1
                  | Dex+1}
 29232 | D:11     | Identified the -6 helmet of Jiwk {Int+2 Dex+2}
 29527 | D:12     | Noticed Snorg
 29546 | D:12     | Killed Snorg
 30817 | D:13     | Reached XP level 15. HP: 26/70 MP: 18/25
 31072 | D:13     | Found a flagged portal.
 31084 | Bailey   | Entered a bailey
 31491 | Bailey   | Acquired the Compendium of Unstable Conjuration
 31496 | Bailey   | Learned a level 2 spell: Blink
 33730 | D:14     | Found a frozen archway.
 33781 | IceCv    | Entered an ice cave
 33918 | IceCv    | Identified the +6 great sword of the Spider Nest {speed,
                  | Dex+3}
 34810 | D:14     | Found a gate to the Vaults.
 35417 | D:14     | Found the +15 Maxwell's patent armour {-Cast -Tele rElec
                  | Will+ rCorr}
 35478 | D:14     | Reached skill level 15 in Ice Magic
 35765 | D:14     | Identified the +4 falchion of Jirphitea {drain, *Noise
                  | rPois rCorr Dex+5}
 36049 | D:15     | Entered Level 15 of the Dungeon
 36760 | D:15     | Reached ***** piety under Ashenzari
 36760 | D:15     | Reached ****** piety under Ashenzari
 36969 | D:15     | Found a staircase to the Depths.
 37432 | D:15     | Slain by a dire elephant
 37433 | D:15     | Reached XP level 14. HP: 0/69 MP: 20/24
 37506 | D:15     | Reached skill level 10 in Stealth
 37588 | D:15     | Reached XP level 15. HP: 72/72 MP: 19/25
 38159 | Snake:1  | Entered Level 1 of the Snake Pit
 38537 | Swamp:1  | Entered Level 1 of the Swamp
 39858 | Swamp:2  | Slain by a goliath frog
 39859 | Swamp:2  | Reached XP level 14. HP: -3/69 MP: 24/24
 40414 | Swamp:1  | Learned a level 2 spell: Passwall
 40616 | Snake:1  | Reached skill level 1 in Earth Magic
 40779 | Snake:1  | Reached skill level 1 in Transmutations
 41147 | Snake:1  | Identified the +2 leather armour "Teppoemp" {Harm rElec
                  | Will+ Dex+3}
 42013 | Snake:2  | Noticed a nagaraja
 42020 | Snake:2  | Killed a nagaraja
 42104 | Snake:2  | Found Sorib's Antique Armour Emporium.
 42348 | Snake:2  | Reached skill level 5 in Earth Magic
 42740 | Snake:2  | Acquired the Reference Book on Damaging Moulding
 42749 | Snake:2  | Learned a level 6 spell: Statue Form
 42897 | Snake:2  | Noticed Azrael
 42908 | Snake:2  | Killed Azrael
 42909 | Snake:2  | Reached skill level 5 in Transmutations
 42909 | Snake:2  | Reached XP level 15. HP: 47/72 MP: 19/25
 42927 | Snake:2  | Shot with an arrow by a naga sharpshooter

Illustrated notes

Levels and vault maps discovered:
D:1:      shiori_angband_town, layout_basic, serial_corexii_hall,
          chequers_hall_statues_y, corexii_hall_statues_t
D:2:      layout_loops_ring, serial_shops, shop_fountains, uniq_natasha
D:3:      layout_rooms, fountainhead, hangedman_decor_points,
          minmay_large_rounded_square, serial_bayou_pond_b,
          minmay_gold_behind_fungi, uniq_ijyb, uniq_crazy_yiuf_cottage
D:4:      layout_cave_pods, grunt_temple_overflow_cloverleaf,
          kennysheep_generic_room_2
D:5:      layout_loops_ring, trog_butcher_becter, uniq_eustachio
D:6:      layout_cave_pods, uniq_edmund, uniq_menkaure
D:7:      layout_cave_pools, lemuel_crystal_altar,
          grunt_temple_overflow_opulence, minmay_temple_entry_statues_pillars,
          enter_ossuary_4
D:8:      layout_loops_ring
D:9:      layout_cave_pools, tso_oasis_becter, gammafunk_ghost_mausoleum,
          glass_columns_b, grunt_ministairs_13, uniq_erica
D:10:     layout_cave_pools, kennysheep_mini_moat, kennysheep_mini,
          grunt_lair_entry_orc_guard_hut, erik_orc_1, minmay_orc_keep
D:11:     layout_basic, biasface_ghost_orc_armoury
D:12:     layout_basic, hive_lemuel, uniq_snorg
D:13:     layout_gridville, enter_bailey_4, kennysheep_pointless_box
D:14:     layout_long_grid, hangedman_vaults_entry_quadrant_bands,
          amcnicky_mini_rare_corridor_liquid, portal_ice_cave_entry_ice_beasts,
          nicolae_wwwww
D:15:     hangedman_depths_entry_try_elsewhere_first, layout_grid_maze,
          st_stairs_10
Temple:   minmay_temple_curvy_loop
Lair:1:   layout_regular_city, nicolae_quartered_pool_super, st_stairs_7,
          hangedman_tree_tricks, patterned_corridor, uniq_nergalle
Lair:2:   layout_cave_pods, minivault_23
Lair:3:   layout_loops_ring, palyth_hydra_swamp_entry,
          minmay_snake_entry_guardpost_small, chequers_serial_rivers_micro_c
Lair:4:   layout_layer_cave, worms_lemuel, lemuel_fruit_tree, grunt_megastairs_5
Lair:5:   layout_cellular_growth, minmay_slime_entry_jelly_boxes, basic_altar
Lair:6:   guppyfry_lair_end_dragon, layout_hall_layers, grunt_megastairs_3,
          infiniplex_staircase_pool, uniq_kirke, uniq_urug
Swamp:1:  layout_falls_marsh, evilmike_swamp_ruin_rubble_1
Swamp:2:  layout_falls_marsh, hangedman_swamp_diagram
Snake:1:  layout_honeycomb, grunt_ministairs_2
Snake:2:  cheibrodos_snake_ritualist_ritual, layout_basic, serial_shops,
          nicolae_shop_trees, serial_bayou_lagoon_a, grunt_ministairs_6,
          serial_bayou_pond_d, eino_curves_04, uniq_azrael
Orc:1:    layout_caves, uniq_sonja, uniq_maurice, uniq_josephine, uniq_erolcha
Orc:2:    st_orc_elflike, layout_caves, basic_altar, statue_in_the_mist_lemuel

Skill      XL: |  1  2  3  4  5  6  7  8  9 10 11 12 13 14 15 |
---------------+----------------------------------------------+-----
Dodging        | 3 4 8 9 11 | 11.3
Ice Magic      | 4 5 6 7 8 10 13 15 | 15.6
Fighting       | 1 6 10 12 | 12.0
Unarmed Combat | 1 2 4 5 8 10 11 13 15 16 | 16.1
Stealth        | 4 6 9 10 | 10.8
Spellcasting   | 3 6 |  6.2
Earth Magic    | 6 |  6.2
Transmutations | 5 |  5.1

Action                   |  1- 3 |  4- 6 |  7- 9 | 10-12 | 13-15 || total
-------------------------+-------+-------+-------+-------+-------++-------
Melee: Unarmed           |    42 |   118 |   277 |   360 |  1408 ||  2205
       Bite              |     4 |    11 |    28 |    39 |   155 ||   237
       Punch             |       |     2 |     6 |    22 |   117 ||   147
 Cast: Freeze            |    28 |    14 |    18 |       |       ||    60
       Frozen Ramparts   |       |    13 |    19 |    43 |   128 ||   203
       Ozocubu's Armour  |       |     1 |    17 |    39 |   148 ||   205
       Ozocubu's Refrige |       |       |       |       |     6 ||     6
Invok: Curse Item        |       |       |       |     2 |     1 ||     3
Evoke: Wand              |       |     2 |     5 |     8 |    15 ||    30
  Use: Scroll            |     5 |     2 |     9 |       |     7 ||    23
       Potion            |       |     2 |     2 |     1 |     6 ||    11
 Stab: Sleeping          |     4 |     2 |    15 |    20 |    52 ||    93
       Distracted        |       |       |       |     1 |     8 ||     9
       Paralysed         |       |       |       |       |     1 ||     1
Armor: Skin              |     3 |     9 |    28 |    38 |   115 ||   193
Dodge: Dodged            |    44 |   121 |   231 |   338 |  1038 ||  1772
Block: Other             |       |       |       |       |   153 ||   153
       Reflection        |       |       |       |       |     5 ||     5

Table legend: (Time is in decaauts)
 A = Elapsed time spent in this place.
 B = Non-inter-level travel time spent in this place.
 C = Inter-level travel time spent in this place.
 D = Time resting spent in this place.
 E = Time spent auto-exploring this place.
 F = Levels seen in this place.
 G = Mean time per level.
                   A        B        C        D        E       F      G
               +--------+--------+--------+--------+--------+-----+--------+
         Total |  38691 |  37294 |   1397 |  12262 |  18491 |  31 | 1248.1 |
       Dungeon |  21468 |  20748 |    720 |   6435 |  11267 |  15 | 1431.2 |
        Temple |    196 |    174 |     22 |      0 |    164 |   1 |  196.0 |
          Lair |   9275 |   8812 |    463 |   2603 |   4744 |   6 | 1545.8 |
         Swamp |   1733 |   1637 |     96 |   1164 |    209 |   2 |  866.5 |
     Snake Pit |   1954 |   1920 |     34 |    554 |    845 |   2 |  977.0 |
  Orcish Mines |   2305 |   2245 |     60 |    788 |    944 |   2 | 1152.5 |
       Ossuary |    191 |    191 |      0 |      0 |     94 |   1 |  191.0 |
        Bailey |    876 |    876 |      0 |    437 |     87 |   1 |  876.0 |
      Ice Cave |    690 |    690 |      0 |    280 |    135 |   1 |  690.0 |
               +--------+--------+--------+--------+--------+-----+--------+

Top non-repeatable levels by time:
    D:10: 2846 daAuts
  Lair:6: 2648 daAuts
  Lair:3: 2204 daAuts
    D:13: 2083 daAuts
     D:1: 1727 daAuts
     D:5: 1709 daAuts
     D:2: 1539 daAuts
    D:14: 1517 daAuts
 Swamp:1: 1516 daAuts
     D:9: 1505 daAuts
   Orc:1: 1440 daAuts
     D:4: 1410 daAuts
    D:15: 1375 daAuts
    D:12: 1302 daAuts
  Lair:5: 1297 daAuts
